 Dungeon Crawl Stone Soup version 0.19.0-20-gbc5f0c6 (webtiles) character file.

479 toast the Chopper (level 6, -7/56 HPs)
             Began as a Minotaur Fighter on Nov 16, 2016.
             Mangled by Edmund
             ... wielding a +4 dire flail of draining
              (10 damage)
             ... on level 4 of the Dungeon on Nov 17, 2016.
             The game lasted 00:06:48 (2137 turns).

toast the Chopper (Minotaur Fighter)                Turns: 2137, Time: 00:06:49

Health: -7/56      AC: 12    Str: 22    XL:     6   Next: 86%
Magic:  0/5        EV:  0    Int:  5    God:
Gold:   205        SH:  7    Dex: 10    Spells: 0 memorised, 5 levels left

rFire  + . .     SeeInvis .     a - +1 war axe
rCold  + . .     Gourm    .     n - +0 gold dragon scales
rNeg   . . .     Faith    .     c - +0 shield
rPois  +         Spirit   +     (helmet restricted)
rElec  .         Reflect  .     (no cloak)
rCorr  .         Harm     .     (no gloves)
MR     .....                    (no boots)
Stlth  ..........               l - amulet of guardian spirit
                                (no ring)
                                (no ring)

@: very heavily drained
A: retaliatory headbutt, horns 2
a: no special abilities


You were on level 4 of the Dungeon.
You were not hungry.

You visited 1 branch of the dungeon, and saw 4 of its levels.

You collected 205 gold pieces.

Inventory:

Hand Weapons
 a - a +1 war axe (weapon)
Armour
 b - a +0 scale mail
 c - a +0 shield (worn)
 n - +0 gold dragon scales (worn)
Jewellery
 l - an amulet of guardian spirit (around neck)
Scrolls
 i - 6 scrolls of identify
 m - 2 scrolls of recharging
 s - a scroll of amnesia
 u - a scroll of magic mapping {unknown}
Potions
 d - 2 potions of might
 e - 3 potions of magic
 k - a potion of flight {unknown}
 o - a potion of ambrosia {unknown}
 p - a potion of degeneration {unknown}
 q - a potion of mutation {unknown}
 r - 4 potions of curing {unknown}
Books
 v - a book of Misfortune

   Spells                             Type                      Level
   a - Confusing Touch                Hexes                        1
   b - Confuse                        Hexes                        3
   c - Gell's Gravitas                Hexes/Translocation          3
   d - Petrify                        Transmutation/Earth          4
   e - Metabolic Englaciation         Hexes/Ice                    5
   f - Yara's Violent Unravelling     Hexes/Transmutation          5
Comestibles
 f - 3 bread rations
 g - 13 chunks of flesh
 h - 3 beef jerkies
 j - 4 meat rations
 t - 2 fruits


   Skills:
 + Level 5.3(0.0) Fighting
 * Level 6.0(0.4) Axes
 + Level 5.1(0.0) Armour
 + Level 5.2(0.0) Shields


You had 5 spell levels left.
You didn't know any spells.

Dungeon Overview and Level Annotations

Branches:
Dungeon (4/15)
 Temple: D:4-7

Altars:

Annotations:
D:4 Edmund


Innate Abilities, Weirdness & Mutations

You reflexively headbutt those who attack you in melee.
You have a pair of horns on your head.


Message History

You slash Edmund!
Edmund is severely wounded.
Edmund completely misses you. You furiously retaliate!
You headbutt Edmund, but do no damage. You hit Edmund.
Edmund is severely wounded.
Edmund hits you but does no damage.
You feel drained.
Edmund hits you with a dire flail of draining.
* * * LOW HITPOINT WARNING * * *
You feel drained.
You slash Edmund!
Edmund is almost dead.
Edmund hits you with a dire flail of draining!
* * * LOW HITPOINT WARNING * * *
You feel drained.
* * * LOW HITPOINT WARNING * * *
Edmund says, "I might not be good at magic, but I can still kill you!"
There is a stone staircase leading up here.
Edmund hits you with a dire flail of draining!
You die...

#.#
#########
#.#
###........
#.#
##...#######
#.# ##..###
#.# #..##
#.# ##.##
#.###..#
#@....##
#@##..#
####..# #..#
#..# #..#
##.# #.# #.#
#.#


You could see Edmund.

Vanquished Creatures
  An ogre (D:4)
  2 scorpions (D:4)
  A howler monkey (D:4)
  An orc priest (D:3)
  2 orc wizards
  Robin (D:4)
  4 adders
  An ooze (D:2)
  An adder zombie (D:3)
  A worm (D:1)
  3 dart slugs (D:1)
  4 leopard geckos
  7 orcs
  3 bats
  5 giant cockroaches
  23 goblins
  8 hobgoblins
  7 jackals
  7 quokkas
  6 frilled lizards
  4 kobolds
  8 rats
  2 fungi (D:2)
102 creatures vanquished.

Notes
Turn   | Place    | Note
-------+----------+-------------------------------------------
     0 | D:1      | toast the Minotaur Fighter began the quest for the Orb.
     0 | D:1      | Reached XP level 1. HP: 19/19 MP: 0/0
   107 | D:1      | Reached XP level 2. HP: 22/27 MP: 1/1
   116 | D:1      | Reached skill level 3 in Axes
   553 | D:1      | Reached XP level 3. HP: 33/33 MP: 2/2
  1020 | D:2      | Reached XP level 4. HP: 40/40 MP: 3/3
  1027 | D:2      | Reached skill level 4 in Axes
  1296 | D:3      | Reached XP level 5. HP: 30/47 MP: 2/4
  1843 | D:4      | Reached skill level 5 in Axes
  1855 | D:4      | Reached skill level 5 in Fighting
  1855 | D:4      | Reached XP level 6. HP: 41/56 MP: 5/5
  1917 | D:4      | Noticed Robin
  1925 | D:4      | Reached skill level 5 in Armour
  1925 | D:4      | Reached skill level 5 in Shields
  1929 | D:4      | Killed Robin
  2061 | D:4      | Reached skill level 6 in Axes
  2102 | D:4      | Noticed Edmund
  2132 | D:4      | HP: 2/56 [Edmund/dire flail of draining (3)]
  2137 | D:4      | Mangled by Edmund

Skill      XL: |  1  2  3  4  5  6 |
---------------+-------------------+-----
Axes           | 3 4 5 6 |  6.0
Armour         | 4 5 |  5.1
Shields        | 4 5 |  5.2
Fighting       | 4 5 |  5.3

Action                   |  1- 3 |  4- 6 || total
-------------------------+-------+-------++-------
Melee: War axe           |   110 |   173 ||   283
       Headbutt          |    18 |    26 ||    44
  Use: Scroll            |     6 |     1 ||     7
  Eat: Chunk             |     1 |     4 ||     5
Armor: Scale mail        |    47 |       ||    47
       Gold dragon scale |     6 |   143 ||   149
Dodge: Dodged            |    27 |    10 ||    37
Block: Shield            |    52 |   104 ||   156
